 Dungeon Crawl Stone Soup version 0.28.0-53-g5a82cb258f (webtiles) character file.

Game seed: 10027657583036770722

86 jjjjhere the Skirmisher (level 4, -6/42 HPs)
             Began as a Minotaur Brigand on Sept 29, 2022.
             Killed from afar by Ijyb (33 damage)
             ... with a bolt of acid
             ... on level 3 of the Dungeon on Sept 30, 2022.
             The game lasted 00:03:53 (1886 turns).

jjjjhere the Skirmisher (Minotaur Brigand)          Turns: 1886, Time: 00:03:53

Health: -6/42      AC:  4    Str: 17    XL:     4   Next: 27%
Magic:  3/3        EV: 11    Int:  8    God:
Gold:   33         SH:  0    Dex: 12    Spells: 3/3 levels left

rFire   . . .      SeeInvis .   g - +2 dagger (venom)
rCold   . . .      Faith    .   (no shield)
rNeg    . . .      Spirit   .   b - +0 robe
rPois   .          Reflect  .   (helmet restricted)
rElec   .          Harm     .   c - +0 cloak
rCorr   .          Rampage  .   (no gloves)
Will    .....                   t - +0 pair of boots
Stlth   ++........              (no amulet)
HPRegen 0.14/turn               (no ring)
MPRegen 0.08/turn               (no ring)

@: no status effects
A: horns 2, retaliatory headbutt
a: no special abilities


You were on level 3 of the Dungeon.
You visited 1 branch of the dungeon, and saw 3 of its levels.

You collected 66 gold pieces.
You spent 33 gold pieces at shops.

Inventory:

Hand Weapons
 a - a +2 dagger
 g - a +2 dagger of venom (weapon)
Missiles
 d - 18 poisoned darts (quivered)
 e - 2 curare-tipped darts
 s - 6 boomerangs
Armour
 b - a +0 robe (worn)
 c - a +0 cloak (worn)
 o - a +0 ring mail
 t - a +0 pair of boots (worn)
Scrolls
 f - 2 scrolls of enchant weapon {unknown}
 h - a scroll of noise {unknown}
 i - a scroll of fog {unknown}
 j - a scroll of brand weapon {unknown}
 m - a scroll of fear {unknown}
 p - a scroll of summoning {unknown}
 q - 2 scrolls of teleportation
 r - 3 scrolls of identify {unknown}
Potions
 k - 2 potions of curing {unknown}
 l - a potion of lignification {unknown}
 n - a potion of flight {unknown}
 u - a potion of berserk rage {unknown}
 v - a potion of might {unknown}
 w - a potion of degeneration {unknown}


   Skills:
 + Level 5.5 Fighting
 - Level 2.1 Short Blades
 - Level 2.0 Throwing
 - Level 1.1 Dodging
 - Level 3.2 Stealth


You had 3 spell levels left.
You didn't know any spells.
Your spell library was empty.

Dungeon Overview and Level Annotations

Branches:
Dungeon (3/15)

Altars:
Qazlal

Shops:
D:2 ?:=?(

Annotations:
D:3 Ijyb


Innate Abilities, Weirdness & Mutations

You have a pair of horns on your head.
You reflexively headbutt those who attack you in melee.


Message History

Found 10 stones.
The helpless worm fails to defend itself.
You puncture the worm! You headbutt the worm.
You kill the worm!
You now have 33 gold pieces (gained 14).
An endoplasm comes into view.
Found 2 poisoned darts.
An endoplasm is nearby!
The endoplasm hits you but does no damage.
You hit the endoplasm.
The endoplasm is heavily wounded.
The endoplasm barely misses you.
You hit the endoplasm.
You kill the endoplasm!
No target in view!
Found a stormy altar of Qazlal.
d - 18 poisoned darts (gained 2)
A ball python comes into view.
Found a tower shield.
Ijyb the Twisted Goblin comes into view.
She is wielding a +2 dagger of flaming and carrying a wand of acid (14).
Found a scroll labelled FEGHEJU ANAOF.
You completely miss the ball python.
The ball python bites you but does no damage.
The ball python grabs you. The ball python constricts you.
You barely miss the ball python. The ball python completely misses you.
The ball python constricts you. The ball python bites you.
The ball python constricts you.
You hit the ball python.
The ball python is severely wounded.
Ijyb grins evilly.
The ball python bites you. The ball python constricts you.
You hit the ball python.
You kill the ball python!
Ijyb zaps a wand.
The bolt of acid hits you!
Ijyb is nearby!
You start resting.
Ijyb is nearby!
Ijyb zaps a wand.
The bolt of acid hits you!!
Ouch! That really hurt!
You die...

....<................
.++#..............##.
.#.#...##.#.......#
...##.###.........#
......###..##.##..#
...#........#.#...# ...
..........#.....#.###...
..........##...##.......
............._..@.......
..........##...##g......
.#+#......#.....#.......
.#..........#.#.........
#######...##.##........
###.......#.....?
##.............
#..........[...
#.........##...


You could see Ijyb.

Vanquished Creatures
  2 adders (D:2)
  An adder skeleton (D:2)
  A worm (D:3)
  2 dart slugs
  3 bats (D:1)
  6 endoplasms
  A giant cockroach (D:2)
  5 goblins (D:2)
  4 hobgoblins (D:2)
  3 jackals (D:1)
  8 kobolds
  2 quokkas
  9 ball pythons
  2 frilled lizards (D:1)
  6 rats
55 creatures vanquished.

Notes
Turn   | Place    | Note
-------+----------+-------------------------------------------
     0 | D:1      | jjjjhere the Minotaur Brigand began the quest for the Orb.
     0 | D:1      | Reached XP level 1. HP: 18/18 MP: 0/0
   102 | D:1      | Reached skill level 3 in Fighting
   130 | D:1      | Reached XP level 2. HP: 26/26 MP: 1/1
   604 | D:1      | Reached skill level 4 in Fighting
   857 | D:2      | Found Lauchog's Magic Scroll Shoppe.
   867 | D:2      | Reached XP level 3. HP: 32/33 MP: 2/2
  1003 | D:2      | Bought a scroll of teleportation for 33 gold pieces
  1249 | D:2      | Reached skill level 5 in Fighting
  1288 | D:2      | Found Vydef's Weapon Boutique.
  1320 | D:2      | Found Utyis's Jewellery Boutique.
  1464 | D:2      | Found Cuchiu's Magic Scroll Emporium.
  1605 | D:2      | Reached XP level 4. HP: 34/42 MP: 3/3
  1751 | D:2      | Found Ydib's Book Shoppe.
  1862 | D:3      | Found a stormy altar of Qazlal.
  1873 | D:3      | Noticed Ijyb
  1886 | D:3      | Killed from afar by Ijyb

Illustrated notes

Levels and vault maps discovered:
D:1:      dpeg_arrival_snail, layout_basic
D:2:      layout_rooms, serial_shops, nicolae_shop_behind_doors,
          nicolae_shop_behind_doors, nicolae_shop_bloodbath_and_beyond, shop,
          nicolae_shop_competitors_out_of_business, lemuel_flame_loot_1
D:3:      layout_basic, mainiacjoe_overflow_small_starburst, uniq_natasha,
          uniq_ijyb, uniq_crazy_yiuf_cottage

Skill      XL: |  1  2  3 |
---------------+----------+-----
Fighting       | 3 4 5 |  5.5
Short Blades   | |  2.1
Throwing       | |  2.0
Dodging        | |  1.1
Stealth        | |  3.2

Action                   |  1- 3 |  4- 6 || total
-------------------------+-------+-------++-------
Melee: Dagger            |    88 |    13 ||   101
       Headbutt          |    12 |     2 ||    14
 Stab: Sleeping          |     5 |     2 ||     7
Armor: Robe              |    16 |     2 ||    18
Dodge: Dodged            |    47 |     4 ||    51
